 Dungeon Crawl Stone Soup version 0.17-a0-2064-g265a032 (webtiles) character file.

383 Maka the Shield-Bearer (level 6, -14/53 HPs)
             Began as a Hill Orc Fighter on Oct 13, 2015.
             Demolished by an ogre
             ... wielding a +0 giant spiked club
              (19 damage)
             ... on level 4 of the Dungeon.
             The game lasted 00:05:30 (2780 turns).

Maka the Shield-Bearer (Hill Orc Fighter)           Turns: 2780, Time: 00:05:30

Health: -14/53     AC:  7    Str: 19    XL:     6   Next: 76%
Magic:  6/6        EV:  8    Int:  8    God:
Gold:   165        SH: 10    Dex: 12    Spells: 0 memorised, 5 levels left

rFire  . . .     SeeInvis .     a - +0 morningstar
rCold  . . .     Clarity  .     b - +0 scale mail
rNeg   . . .     SustAt   +     c - +0 shield
rPois  .         Gourm    .     (no helmet)
rElec  .         Spirit   .     (no cloak)
rCorr  .         Warding  .     (no gloves)
rMut   .         Stasis   .     (no boots)
MR     .....                    (no amulet)
Stlth  ..........               (no ring)
                                d - ring of sustain attributes

@: not resistant to hostile enchantments, extremely unstealthy
A: no striking features
a: no special abilities


You were on level 4 of the Dungeon.
You were full.

You visited 1 branch of the dungeon, and saw 4 of its levels.

You collected 165 gold pieces.

Inventory:

Hand Weapons
 a - a +0 morningstar (weapon)
Armour
 b - a +0 scale mail (worn)
 c - a +0 shield (worn)
Jewellery
 d - a ring of sustain attributes (left hand)
 g - an uncursed amulet of stasis
Wands
 s - a wand of slowing (26)
 v - a wand of invisibility (5)
Scrolls
 f - 2 scrolls of random uselessness {unknown}
 k - 2 scrolls of remove curse {unknown}
 l - 2 scrolls of fog {unknown}
 o - 2 scrolls of fear {unknown}
 q - a scroll of immolation {unknown}
 r - 2 scrolls of identify {unknown}
 t - 2 scrolls of magic mapping {unknown}
 u - 3 scrolls of enchant weapon {unknown}
Potions
 j - a potion of experience {unknown}
 n - a potion of magic {unknown}
Comestibles
 e - 2 bread rations
 h - 2 chunks of flesh
 m - a meat ration


   Skills:
 - Level 4.4 Fighting
 - Level 5.0 Maces & Flails
 + Level 4.1 Armour
 - Level 1.4 Dodging
 - Level 0.1 Stealth
 - Level 5.0 Shields


You had 5 spell levels left.
You didn't know any spells.

Dungeon Overview and Level Annotations

Branches:
Dungeon (4/15)
 Temple: D:4-7

Altars:
Kikubaaqudgha
Qazlal
Sif Muna
The Shining One


Message History

You butcher the iguana corpse.
h - 2 chunks of flesh An ogre comes into view.
It is wielding a giant spiked club.
The ogre shouts!
You barely miss the ogre.
The ogre hits you with a giant spiked club!
You thump the ogre!
The ogre is moderately wounded.
You block the ogre's attack.
You hit the ogre.
The ogre is heavily wounded.
The ogre hits you with a giant spiked club!!
You hit the ogre but do no damage.
The ogre is heavily wounded.
The ogre hits you with a giant spiked club!!
* * * LOW HITPOINT WARNING * * *
You sock the ogre!
The ogre is almost dead.
The ogre hits you with a giant spiked club!!
You die...

... ... ... #.#
#.# #.# #O# #@#
#.#########
#.........#######
#..#####........#
#..# ###..#####.#
#..##........##.#
#..##.##..##.##.#
...## #..##.##.#
..... #........#


You could see an ogre.

Vanquished Creatures
  Sigmund (D:2)
  A scorpion (D:4)
  An iguana (D:4)
  Jessica (D:3)
  A gnoll (D:1)
  2 adders (D:3)
  2 oozes (D:1)
  A worm (D:2)
  4 orcs (D:3)
  3 ball pythons
  4 giant cockroaches
  9 goblins
  6 hobgoblins
  A quokka (D:1)
  12 bats
  A giant gecko (D:1)
  4 giant newts
  7 jackals
  13 kobolds
  8 rats
82 creatures vanquished.

Notes
Turn   | Place    | Note
--------------------------------------------------------------
     0 | D:1      | Maka the Hill Orc Fighter began the quest for the Orb.
     0 | D:1      | Reached XP level 1. HP: 19/19 MP: 1/1
    29 | D:1      | Reached XP level 2. HP: 10/27 MP: 2/2
   344 | D:1      | Reached skill level 4 in Fighting
   390 | D:1      | Reached XP level 3. HP: 17/33 MP: 3/3
  1142 | D:1      | Reached XP level 4. HP: 40/40 MP: 4/4
  1453 | D:2      | Found a glowing golden altar of the Shining One.
  1549 | D:2      | Noticed Sigmund
  1570 | D:2      | Killed Sigmund
  1570 | D:2      | Reached skill level 1 in Dodging
  1570 | D:2      | Reached skill level 5 in Shields
  1570 | D:2      | Reached XP level 5. HP: 6/47 MP: 5/5
  1570 | D:2      | Reached XP level 6. HP: 6/53 MP: 6/6
  1780 | D:2      | Found a stormy altar of Qazlal.
  1781 | D:2      | Noticed an air elemental
  1782 | D:2      | Noticed a water elemental
  1782 | D:2      | Noticed an earth elemental
  1782 | D:2      | Noticed a fire elemental
  1813 | D:2      | Found an ancient bone altar of Kikubaaqudgha.
  2149 | D:3      | Noticed Jessica
  2161 | D:3      | Killed Jessica
  2397 | D:3      | Found a deep blue altar of Sif Muna.
  2595 | D:4      | Reached skill level 5 in Maces & Flails
  2780 | D:4      | Demolished by an ogre

Vault maps used:
D:1:      saegor_arrival_simple_e, minmay_misc_feat_chi
D:2:      lemuel_round_altar, nicolae_qazlal_style_of_elements,
          lemuel_zombie_altar_kikubaaqudgha, uniq_sigmund
D:3:      lemuel_crystal_altar, uniq_jessica
D:4:      kennysheep_mini, minmay_temple_entry_overgrown, first_bread

Action                   |  1- 3 |  4- 6 || total
-------------------------+-------+-------++-------
Melee: Flail             |   140 |    81 ||   221
       Morningstar       |       |    68 ||    68
  Use: Potion            |       |     1 ||     1
  Eat: Chunk             |     1 |     5 ||     6
       Fruit             |       |     3 ||     3
       Royal jelly       |       |     1 ||     1
